 Dungeon Crawl Stone Soup version 0.23-a0-642-g3120c2f5a9 (webtiles) character file.

18347 HereIgoKillingAgain the Martial Artist (level 12, -1/100 HPs)
             Began as a Red Draconian Transmuter on Dec 31, 2018.
             Was a Follower of Uskayaw.
             Slain by a death scarab (7 damage)
             ... in a Gauntlet.
             The game lasted 00:35:11 (17591 turns).

HereIgoKillingAgain the Martial Artist (DrTm)      Turns: 17591, Time: 00:35:11

Health: -1/100     AC: 10    Str: 13    XL:     12   Next: 26%
Magic:  14/18      EV: 15    Int: 16    God:    Uskayaw [*.....]
Gold:   341        SH:  0    Dex: 14    Spells: 8/18 levels left

rFire    + . .     SeeInvis .     - Unarmed
rCold    . . .     Gourm    +   (shield currently unavailable)
rNeg     . . .     Faith    .   (armour unavailable)
rPois    .         Spirit   .   (helmet restricted)
rElec    .         Reflect  .   n - scarf {repulsion}
rCorr    .         Harm     .   (gloves currently unavailable)
MR       .....     NoTele   +   v - +1 pair of boots
Stlth    +.........             z - amulet of the gourmand
HPRegen  0.26/turn              (no ring)
MPRegen  0.16/turn              (no ring)

@: blade hands, hasted and slowed, repel missiles
A: breathe fire, unfitting armour, fire resistance 1, cold-blooded, AC +8
a: Breathe Fire, End Transformation, Stomp, Renounce Religion


You were in a Gauntlet.
You worshipped Uskayaw.
Uskayaw was aware of your devotion.
You were not hungry.
You had blades for hands.
You visited 2 branches of the dungeon, and saw 13 of its levels.
You also visited: Gauntlet.

You collected 880 gold pieces.
You spent 539 gold pieces at shops.

Inventory:

Hand Weapons
 C - the +0 hand axe of the Vase {flame, Str+4}
   (You found it on level 8 of the Dungeon)

   It has been specially enchanted to burn those struck by it, causing extra
   injury to most foes and up to half again as much damage against particularly
   susceptible opponents.
   Big, fiery blades are also staple armaments of hydra-hunters.
   It affects your strength (+4).
Missiles
 a - 105 arrows
Armour
 n - a scarf of repulsion (worn)
 v - a +1 pair of boots (worn)
Jewellery
 z - an amulet of the gourmand (around neck)
Wands
 j - a wand of polymorph (14)
 m - a wand of random effects (16)
 s - a wand of acid (1)
 A - a wand of flame (1)
 B - a wand of enslavement (14)
Scrolls
 e - 6 scrolls of teleportation
 f - 3 scrolls of amnesia
 i - 7 scrolls of remove curse
 p - 3 scrolls of enchant armour
 y - a scroll of vulnerability
Potions
 b - a potion of haste
 d - a potion of berserk rage {unknown}
 o - 3 potions of flight
 q - 2 potions of resistance
 t - 3 potions of might
 u - 3 potions of invisibility
 w - 4 potions of agility
 x - 2 potions of lignification
 D - a potion of curing
 E - a potion of mutation
 F - a potion of brilliance
 G - a potion of ambrosia
 I - a potion of magic {unknown}
Comestibles
 c - 7 rations


   Skills:
 + Level 7.0 Fighting
 + Level 6.1 Dodging
 + Level 12.4 Unarmed Combat
 + Level 3.8 Spellcasting
 - Level 11.0 Transmutations
 - Level 8.0 Invocations


You had 8 spell levels left.
You knew the following spells:

 Your Spells              Type           Power        Failure   Level  Hunger
a - Blade Hands           Tmut           #####.....   34%         5    ######.
b - Sticks to Snakes      Tmut           #####...     10%         2    ##.....
c - Spider Form           Tmut/Pois      ###.......   34%         3    ###....

Your spell library contained the following spells:

 Spells                   Type           Power        Failure   Level  Hunger
 Beastly Appendage        Tmut           #####.       9%          1    None
 Corona                   Hex            #......      58%         1    None
 Freeze                   Ice            #...         58%         1    None
 Magic Dart               Conj           #...         58%         1    None
 Ice Form                 Ice/Tmut       ###.....     61%         4    ####...
 Blink                    Tloc           N/A          69%         2    ##.....
 Call Imp                 Summ           #.......     69%         2    ##.....
 Poisonous Vapours        Pois/Air       #.....       69%         2    ##.....
 Searing Ray              Conj           #.....       69%         2    ##.....
 Slow                     Hex            #.......     69%         2    ##.....
 Conjure Flame            Conj/Fire      #.......     85%         3    ###....
 Dazzling Spray           Conj/Hex       #.....       85%         3    ###....
 Inner Flame              Hex/Fire       #.......     85%         3    ###....
 Mephitic Cloud           Conj/Pois/Air  #.......     85%         3    ###....
 Portal Projectile        Hex/Tloc       #.....       85%         3    ###....
 Cause Fear               Hex            #.........   99%         4    ####...
 Force Lance              Conj/Tloc      #.......     99%         4    ####...
 Fulminant Prism          Conj/Hex       #.........   99%         4    ####...
 Iskenderun's Mystic Bla  Conj           #.......     99%         4    ####...
 Leda's Liquefaction      Hex/Erth       #.........   99%         4    ####...
 Summon Lightning Spire   Summ/Air       #.......     99%         4    ####...
 Bolt of Magma            Conj/Fire/Erth #.........   100%        5    ######.
 Silence                  Hex/Air        #.........   100%        5    ######.
 Conjure Ball Lightning   Conj/Air       #.........   100%        6    #######
 Deflect Missiles         Chrm/Air       #.........   100%        6    #######
 Freezing Cloud           Conj/Ice/Air   #.........   100%        6    #######
 Ring of Flames           Chrm/Fire      #.........   100%        7    #######
 Tornado                  Air            #.........   100%        9    #######


Dungeon Overview and Level Annotations

Branches:
Dungeon (12/15)            Temple (1/1) D:4            Lair (0/6) D:8
    Orc (0/2) D:11

Altars:
Ashenzari
Cheibriados
Dithmenos
Elyvilon
Fedhas
Gozag
Hepliaklqana
Kikubaaqudgha
Makhleb
Nemelex Xobeh
Okawaru
Qazlal
Ru
Sif Muna
Trog
Uskayaw
Vehumet
Wu Jian
Xom
Yredelemnul
Zin
The Shining One

Shops:
D:7 (   D:10 !

Annotations:
D:11 1 exclusion Gauntlet 13 transporters


Innate Abilities, Weirdness & Mutations

You can breathe blasts of fire.
Your fiery red scales are hard. (AC +8)
You cannot fit into any form of body armour.
Your flesh is heat resistant. (rF+)
You are cold-blooded and may be slowed by cold attacks.


Message History

The spectral komodo dragon bites you!
* * * LOW HITPOINT WARNING * * *
Okay, then.
Evoke which item? (* to show all) (? for menu, Esc to quit)
Okay, then.
Okay, then.
The spectral komodo dragon bites the withered plant!
The death scarab closely misses you.
The spectral komodo dragon bites the withered plant.
You feel yourself speed up.
The death scarab bites you but does no damage.
The death scarab bites the withered plant!!
The death scarab drains the withered plant's vigour!
The death scarab bites you.
* * * LOW HITPOINT WARNING * * *
The death scarab draws strength from your injuries!
You can no longer pass through a line of other dancers.
The death scarab bites you but does no damage.
The death scarab bites you!
You die...

#≈..PP.P.#.#.##..34#.#
####..♣.P.♣.#.#########.#
#≈≈.........#.#.......#©#
#≈..#########.#...♣...###
##...#.......#.#.P...P...#
##≈.∩.#.⌠.#.#.#.#.#≈#≈#...#
##≈≈...#..P.P.?#.#.≈≈≈≈≈P..#
#≈≈≈♣.©#.8Z©.#©#©#.#≈#≈#P♣..
##≈≈...#..P@P..#.#.≈≈≈≈≈PP.#
##≈.∩.#.8s#.#)#.#.#≈#≈#...#
##...#.......#.#...PP....#
#≈..#########.#...♣P..###
#≈≈.........#.#.......#©#
####..♣..P♣.#.#########.#
#≈..PP.P.#.#.....53#.#
#≈≈..♣...#.#....#..#.#
####.....#.#..5###.#.#


You could see a spectral komodo dragon and a death scarab.

Vanquished Creatures
  A tengu warrior (D:11)
  3 two-headed ogres
  An unseen horror (D:10)
  A skeletal warrior (D:10)
  An orc knight (D:10)
  3 manticores
  4 slime creatures (D:12)
  6 ugly things
  A gargoyle (D:10)
  2 trolls
  A meliai (D:10)
  Prince Ribbit (D:9)
  5 hippogriffs
  A spriggan (D:7)
  A shadow (D:11)
  2 wyverns
  6 yaks (D:10)
  Sigmund (D:2)
  2 wraiths (D:10)
  A hungry ghost (D:10)
  A basilisk (D:10)
  A steam dragon (D:11)
  3 water moccasins
  6 orc warriors
  4 ice beasts
  A black bear (D:8)
  4 sky beasts
  2 phantoms
  An eye of draining (D:11)
  A necrophage (D:7)
  3 centaurs
  3 ogres
  Blork the orc (D:5)
  6 bullfrogs
  3 big kobolds (D:10)
  3 scorpions
  5 killer bees
  4 wights (D:6)
  5 electric eels (D:11)
  3 crimson imps
  3 bullfrog zombies
  2 jellies
  4 hounds
  2 centaur skeletons
  A centaur zombie (D:9)
  6 orc priests
  Jessica (D:2)
  2 bullfrog skeletons
  2 iguanas (D:9)
  Ijyb (D:5)
  9 worker ants
  10 orc wizards
  A killer bee zombie (D:6)
  A hound zombie (D:7)
  A hound skeleton (D:10)
  Robin (D:4)
  10 gnolls
  10 adders
  2 shadow imps
  2 oozes
  2 adder zombies (D:5)
  4 worms
  5 dart slugs
  5 leopard geckos
  43 orcs
  2 ball pythons
  9 giant cockroaches
  9 goblins
  16 hobgoblins
  13 jackals
  5 quokkas
  A ball python skeleton (D:5)
  6 bats
  5 frilled lizards
  9 kobolds
  A leopard gecko zombie (D:5)
  A quokka zombie (D:10)
  5 rats
316 creatures vanquished.

Vanquished Creatures (collateral kills)
  A water moccasin (D:6)
  An ogre (D:6)
  An orc wizard (D:6)
  Terence (D:2)
  2 gnolls
  A shadow imp (D:6)
  An ooze (D:1)
  3 orcs
  A hobgoblin (D:1)
  4 jackals
  2 goblins
  A kobold (D:1)
  A leopard gecko skeleton (D:4)
20 creatures vanquished.

Vanquished Creatures (others)
  5 goblins (D:4)
  A quokka (D:4)
6 creatures vanquished.

Grand Total: 342 creatures vanquished

Notes
Turn   | Place    | Note
-------+----------+-------------------------------------------
     0 | D:1      | HereIgoKillingAgain the Draconian Transmuter began the
                  | quest for the Orb.
     0 | D:1      | Reached XP level 1. HP: 16/16 MP: 3/3
   493 | D:1      | Reached XP level 2. HP: 19/23 MP: 3/5
   551 | D:1      | Reached XP level 3. HP: 3/28 MP: 6/6
   932 | D:1      | Learned a level 2 spell: Sticks to Snakes
  1291 | D:1      | Learned a level 3 spell: Spider Form
  1446 | D:1      | Reached skill level 4 in Unarmed Combat
  1720 | D:2      | Reached XP level 4. HP: 35/35 MP: 4/7
  1736 | D:2      | Noticed Terence
  1739 | D:2      | Noticed Jessica
  1751 | D:2      | Killed Jessica
  1756 | D:2      | Killed Terence
  2254 | D:2      | Reached XP level 5. HP: 33/40 MP: 2/8
  2470 | D:2      | Noticed Sigmund
  2481 | D:2      | Killed Sigmund
  2481 | D:2      | Reached skill level 5 in Unarmed Combat
  2481 | D:2      | Reached XP level 6. HP: 46/47 MP: 3/9
  3378 | D:3      | Reached skill level 5 in Transmutations
  4677 | D:4      | Reached skill level 6 in Unarmed Combat
  4677 | D:4      | Your scales start taking on a fiery red colour.
  4677 | D:4      | Reached XP level 7. HP: 37/52 MP: 7/10
  4677 | D:4      | Gained mutation: Your flesh is heat resistant. (rF+) [Red
                  | Draconian growth]
  5397 | D:4      | Noticed Robin
  5430 | D:4      | Killed Robin
  5647 | D:4      | Found a staircase to the Ecumenical Temple.
  5659 | Temple   | Entered the Ecumenical Temple
  5750 | Temple   | Became a worshipper of Uskayaw the Reveler
  6012 | D:5      | Entered Level 5 of the Dungeon
  6107 | D:5      | Reached * piety under Uskayaw
  6200 | D:5      | Noticed Ijyb
  6220 | D:5      | Killed Ijyb
  6696 | D:5      | Reached ** piety under Uskayaw
  6697 | D:5      | Reached skill level 7 in Unarmed Combat
  6705 | D:5      | Reached *** piety under Uskayaw
  6811 | D:5      | Found a sparkling altar of Nemelex Xobeh.
  6898 | D:5      | Noticed Blork the orc
  6915 | D:5      | Killed Blork the orc
  6915 | D:5      | Reached XP level 8. HP: 38/59 MP: 8/11
  7847 | D:6      | Reached skill level 8 in Unarmed Combat
  8562 | D:6      | Learned a level 5 spell: Blade Hands
  8574 | D:6      | Found a shimmering altar of Xom.
  9178 | D:7      | Reached XP level 9. HP: 27/64 MP: 12/12
  9377 | D:7      | Reached skill level 9 in Unarmed Combat
  9628 | D:7      | Found Ythrumm's Antique Weapon Shoppe.
  9761 | D:7      | Found a hazy altar of Hepliaklqana.
 10027 | D:7      | Found a sacrificial altar of Ru.
 10030 | D:7      | Found a shadowy altar of Dithmenos.
 10032 | D:7      | Found a basalt altar of Yredelemnul.
 10251 | D:8      | Found a staircase to the Lair.
 10346 | D:8      | Got a pitted hand axe
 10367 | D:8      | Got a slimy large shield
 10368 | D:8      | Identified the cursed +0 hand axe of the Vase {flame,
                  | Str+4} (You found it on level 8 of the Dungeon)
 10374 | D:8      | Identified the +9 large shield of Salvation {MR+} (You
                  | found it on level 8 of the Dungeon)
 10460 | D:8      | Noticed a two-headed ogre
 10483 | D:8      | Killed a two-headed ogre
 10483 | D:8      | Reached skill level 10 in Unarmed Combat
 10483 | D:8      | Reached skill level 10 in Transmutations
 10874 | D:9      | Noticed a cyan ugly thing
 10910 | D:9      | Reached XP level 10. HP: 61/71 MP: 7/13
 10972 | D:9      | HP: 2/71 [killer bee (5)]
 11397 | D:9      | Killed a cyan ugly thing
 11698 | D:9      | Reached skill level 11 in Unarmed Combat
 11874 | D:9      | Reached skill level 1 in Invocations
 12313 | D:9      | Noticed Prince Ribbit
 12320 | D:9      | Killed Prince Ribbit
 12515 | D:10     | Entered Level 10 of the Dungeon
 12515 | D:10     | Found Fisud's Distillery.
 12528 | D:10     | Reached **** piety under Uskayaw
 12565 | D:10     | Bought a potion of haste for 110 gold pieces
 12565 | D:10     | Bought a potion of agility for 44 gold pieces
 12565 | D:10     | Bought a potion of might for 44 gold pieces
 12565 | D:10     | Bought 2 potions of resistance for 220 gold pieces
 12565 | D:10     | Bought a potion of curing for 33 gold pieces
 12565 | D:10     | Bought a potion of mutation for 88 gold pieces
 12594 | D:10     | Noticed a two-headed ogre
 12603 | D:10     | Killed a two-headed ogre
 12626 | D:10     | Noticed a gargoyle
 12631 | D:10     | Killed a gargoyle
 12798 | D:10     | Noticed a red ugly thing
 12804 | D:10     | Killed a red ugly thing
 12812 | D:10     | Reached ***** piety under Uskayaw
 12834 | D:10     | Noticed a brown ugly thing
 12839 | D:10     | Killed a brown ugly thing
 12839 | D:10     | Reached skill level 5 in Invocations
 12839 | D:10     | Reached XP level 11. HP: 40/83 MP: 8/14
 12880 | D:10     | Noticed an orc knight
 12889 | D:10     | Killed an orc knight
 13103 | D:10     | Noticed a two-headed ogre
 13110 | D:10     | Killed a two-headed ogre
 13411 | D:10     | Reached ****** piety under Uskayaw
 13654 | D:10     | Noticed a skeletal warrior
 13663 | D:10     | Killed a skeletal warrior
 13663 | D:10     | Reached skill level 5 in Fighting
 13667 | D:10     | Killed an unseen horror
 13951 | D:10     | Identified Xutehu's Grimoire of the Frostbite and the Blaze
 14463 | D:11     | Reached skill level 5 in Dodging
 14463 | D:11     | Reached skill level 12 in Unarmed Combat
 14507 | D:11     | Noticed a cyan ugly thing
 15727 | D:11     | Noticed a cyan ugly thing
 15735 | D:11     | Killed a cyan ugly thing
 15735 | D:11     | Reached XP level 12. HP: 40/96 MP: 14/18
 15910 | D:11     | Noticed a tengu warrior
 15935 | D:11     | Killed a tengu warrior
 16286 | D:11     | Found a staircase to the Orcish Mines.
 17332 | D:12     | Found a gate leading to a gauntlet.
 17339 | Gauntlet | Entered a Gauntlet
 17339 | Gauntlet | Found a transporter.
 17346 | Gauntlet | Found a transporter.
 17348 | Gauntlet | Found a transporter.
 17357 | Gauntlet | Found a transporter.
 17359 | Gauntlet | Found a transporter.
 17361 | Gauntlet | Noticed a hell beast
 17378 | Gauntlet | Found a transporter.
 17382 | Gauntlet | Found a transporter.
 17389 | Gauntlet | Noticed a reaper
 17396 | Gauntlet | Found a transporter.
 17399 | Gauntlet | Noticed a cacodemon
 17406 | Gauntlet | Found a transporter.
 17422 | Gauntlet | Found a transporter.
 17438 | Gauntlet | Found a transporter.
 17439 | Gauntlet | Found a transporter.
 17451 | Gauntlet | Noticed a death scarab
 17460 | Gauntlet | Found a transporter.
 17499 | Gauntlet | Found a transporter.
 17591 | Gauntlet | Slain by a death scarab

Vault maps used:
D:1:      dpeg_arrival_rooms_b
D:2:      serial_bayou_ford_a, uniq_jessica, uniq_sigmund, uniq_terence
D:4:      lemuel_temple_firewalk_b, glass_columns_a, uniq_robin
D:5:      first_ration, nemelex_altar_shiori, uniq_blork_the_orc, uniq_ijyb
D:6:      overflow_temple_1_default
D:7:      grunt_temple_overflow_open, kennysheep_mini_moat, serial_shops,
          nicolae_shop_window_shopping, the_bakery
D:8:      lair_entry_dummy
D:9:      uniq_prince_ribbit1
D:10:     minmay_the_grid_square_5x5_4x4, serial_shops, shop
D:11:     erik_orc_2, portal_ice_cave_entry_pillars_1
D:12:     gauntlet_entry_generic
Temple:   minmay_temple_bridge_d
Gauntlet: minmay_gauntlet_77_tree

Skill      XL: |  1  2  3  4  5  6  7  8  9 10 11 12 |
---------------+-------------------------------------+-----
Transmutations | 3 4 5 6 8 10 11 | 11.0
Unarmed Combat | 4 5 6 7 8 10 11 12 | 12.4
Dodging        | 3 5 6 |  6.1
Invocations    | 5 8 |  8.0
Fighting       | 3 6 7 |  7.0
Spellcasting   | 3 |  3.8

Action                   |  1- 3 |  4- 6 |  7- 9 | 10-12 || total
-------------------------+-------+-------+-------+-------++-------
Melee: Unarmed           |   113 |   207 |   310 |   307 ||   937
       Tailslap          |    10 |    12 |    24 |    31 ||    77
       Kick              |     3 |       |       |       ||     3
       Headbutt          |     2 |       |       |       ||     2
       Punch             |     1 |     3 |     5 |    12 ||    21
 Cast: Beastly Appendage |     5 |     1 |       |       ||     6
       Sticks to Snakes  |    14 |    22 |    13 |       ||    49
       Spider Form       |       |    12 |    12 |       ||    24
       Blade Hands       |       |       |     9 |    52 ||    61
Invok: Stomp             |       |       |     1 |     4 ||     5
       Line Pass         |       |       |     1 |       ||     1
       Grand Finale      |       |       |       |     1 ||     1
 Abil: Breathe Fire      |       |       |    15 |     9 ||    24
       End Transformatio |       |       |     1 |       ||     1
Evoke: Wand              |       |       |     2 |    18 ||    20
  Use: Potion            |     1 |     1 |       |     5 ||     7
       Scroll            |       |       |     9 |    10 ||    19
 Stab: Sleeping          |       |     2 |       |       ||     2
       Paralysed         |       |       |     1 |    14 ||    15
       Distracted        |       |       |     1 |       ||     1
  Eat: Ration            |     1 |     3 |     6 |     4 ||    14
       Chunk             |       |     5 |    10 |    35 ||    50
Armor: Skin              |    47 |    52 |    78 |    66 ||   243
Dodge: Dodged            |    91 |   205 |   205 |   184 ||   685
       Deflected         |       |       |       |     4 ||     4

Table legend:
 A = Non-vault XP
 B = Vault XP
 C = Vault XP percentage of total XP
 D = Non-vault monster count
 E = Vault monster count
 F = Vault count percentage of total count
                 A         B        C        D         E       F
            +---------+---------+-------+---------+---------+-------
      Total |   15723 |   10488 |  40.0 |     272 |      64 |  19.0
            +---------+---------+-------+---------+---------+-------
        D:1 |      95 |       0 |   0.0 |      37 |       0 |   0.0
        D:2 |     102 |     250 |  71.0 |      33 |       3 |   8.3
        D:3 |     123 |       0 |   0.0 |      22 |       0 |   0.0
        D:4 |     443 |      25 |   5.3 |      18 |       6 |  25.0
        D:5 |     441 |     135 |  23.4 |      29 |       2 |   6.5
        D:6 |    1080 |       0 |   0.0 |      24 |       0 |   0.0
        D:7 |    1022 |     220 |  17.7 |      22 |       1 |   4.3
        D:8 |    1270 |       0 |   0.0 |       7 |       0 |   0.0
        D:9 |    2094 |     268 |  11.3 |      20 |       1 |   4.8
       D:10 |    2150 |    8872 |  80.5 |      22 |      32 |  59.3
       D:11 |    5078 |     718 |  12.4 |      29 |      19 |  39.6
       D:12 |    1825 |       0 |   0.0 |       9 |       0 |   0.0
            +---------+---------+-------+---------+---------+-------
